 Dungeon Crawl Stone Soup version 0.29.0-15-g675c0067aa (webtiles) character file.

Game seed: 13255936622194901199

294 qw the Chopper (level 6, -1/38 HPs)
             Began as a Gargoyle Fighter on Sept 11, 2022.
             Slain by a gnoll
             ... wielding a +0 flail
             ... led by a gnoll bouda
              (9 damage)
             ... on level 4 of the Dungeon.
             The game lasted 00:01:09 (3251 turns).

qw the Chopper (Gargoyle Fighter)                   Turns: 3251, Time: 00:01:09

Health: -1/38      AC: 12    Str: 22    XL:     6   Next: 33%
Magic:  6/6        EV:  9    Int:  8    God:
Gold:   87         SH:  4    Dex:  9    Spells: 5/5 levels left

rFire   . . .      SeeInvis .   Y - +0 war axe
rCold   . . .      Faith    .   c - +0 buckler
rNeg    + . .      Spirit   .   b - +0 scale mail
rPois   inf        Reflect  .   (no helmet)
rElec   +          Harm     .   j - +0 cloak
rCorr   .          Rampage  .   (no gloves)
Will    .....                   (no boots)
Stlth   ..........              (no amulet)
HPRegen 0.12/turn               (no ring)
MPRegen 0.10/turn               (no ring)

@: weakened
A: sickness immunity, AC +4, negative energy resistance 1, electricity
resistance, torment resistance 1, petrification resistance
a: no special abilities


You were on level 4 of the Dungeon.
You visited 1 branch of the dungeon, and saw 4 of its levels.

You collected 87 gold pieces.


Innate Abilities, Weirdness & Mutations

You are immune to sickness and miasma.
Your stone body is resilient. (AC +4)
You are immune to poison.
You resist negative energy. (rN+)
You are resistant to electric shocks. (rElec)
You are resistant to unholy torment.
You are immune to petrification.


   Skills:
 - Level 4.0 Fighting
 + Level 5.3 Axes
 - Level 3.2 Armour
 - Level 1.0 Dodging
 - Level 3.2 Shields


You had 5 spell levels left.
You didn't know any spells.
Your spell library was empty.

Inventory:

Hand Weapons
 l - a +0 flail
 Y - a +0 war axe (weapon)
Armour
 b - a +0 scale mail (worn)
 c - a +0 buckler (worn)
 j - a +0 cloak (worn)
Scrolls
 a - 2 scrolls of identify
Potions
 d - a potion of might
 e - a potion of cancellation
 f - a potion of mutation
 i - a potion of curing
 k - a potion of attraction
 m - a potion of heal wounds

Dungeon Overview and Level Annotations

Branches:
Dungeon (4/15)
 Temple: D:4-7

Altars:
Cheibriados
Fedhas


Message History

You hit the gnoll. x2
The gnoll hits you with a +0 flail. The gnoll hits you with a +0 spear.
The gnoll hits you with a +0 flail!
You closely miss the gnoll.
The gnoll is heavily wounded.
You slash the ball python!
You kill the ball python!
You slash the gnoll! You hit the gnoll but do no damage.
The gnoll hits you with a +0 halberd. You block the gnoll's attack. x2
The gnoll hits you with a +0 flail. The gnoll hits you but does no damage.
The gnoll hits you with a +0 halberd.
3248 ||| DRINKING 2 potions of heal wounds.
You feel much better.
The gnoll bouda gazes fiercely through you!
You feel your attacks grow feeble. You block the gnoll's attack.
The gnoll hits you with a +0 flail. You block the gnoll's attack.
The gnoll closely misses you.
You barely miss the gnoll.
The gnoll is almost dead.
You slash the gnoll!
You kill the gnoll!
You hit the gnoll. You closely miss the gnoll bouda.
The gnoll hits you but does no damage. You block the gnoll's attack.
The gnoll closely misses you. The gnoll hits you but does no damage.
You completely miss the gnoll.
The gnoll is almost dead.
You hit the gnoll. You barely miss the gnoll. You barely miss the gnoll bouda.
The gnoll bouda hits you with a +0 whip.
The gnoll hits you with a +0 flail.
The gnoll hits you from afar with a +0 spear.
The gnoll barely misses you. The gnoll hits you with a +0 flail.
The gnoll bouda barely misses you.
You hit the gnoll but do no damage.
The gnoll is almost dead.
You completely miss the gnoll. You closely miss the gnoll.
You hit the gnoll bouda but do no damage.
The gnoll barely misses you. x3; The gnoll completely misses you.
The gnoll bouda hits you with a +0 whip.
The gnoll hits you with a +0 flail!
You die...

### #.# #.# #.#
#<# #.########
#.#
##....g)..####.#
......g@.......#
.....ggg########
........#
##+######


You could see a gnoll bouda and 4 gnolls.

Vanquished Creatures
  A hound (D:3)
  An iron imp (D:3)
  Terence (D:2)
  Natasha (twice) (D:3)
  2 hound zombies (D:3)
  A hound skeleton (D:3)
  A gnoll (D:4)
  4 adders
  An adder zombie (D:3)
  A worm (D:2)
  2 orcs (D:3)
  6 ball pythons
  4 endoplasms
  A giant cockroach (D:3)
  2 goblins (D:1)
  8 hobgoblins
  4 quokkas
  9 bats
  3 frilled lizards (D:2)
  A jackal skeleton (D:3)
  10 kobolds
  A quokka skeleton (D:3)
  6 rats
72 creatures vanquished.

Vanquished Creatures (others)
  11 withered plants (D:3)
11 creatures vanquished.

Grand Total: 83 creatures vanquished

Notes
Turn   | Place    | Note
-------+----------+-------------------------------------------
     0 | D:1      | qw the Gargoyle Fighter began the quest for the Orb.
     0 | D:1      | Reached XP level 1. HP: 14/14 MP: 1/1
     0 | D:1      | 0 ||| qw: Version: 0.1-a-119-g272c26d
     0 | D:1      | 0 ||| qw: Game counter: 10666
     0 | D:1      | 0 ||| qw: Always use a shield: true
     0 | D:1      | 0 ||| qw: God list: Okawaru
     0 | D:1      | 0 ||| qw: Allow faded altars: false
     0 | D:1      | 0 ||| qw: Do Orc after D:15 true
     0 | D:1      | 0 ||| qw: Do second Lair branch before Depths: true
     0 | D:1      | 0 ||| qw: Lair rune preference: random
     0 | D:1      | 0 ||| qw: Plans: Normal, Zot, God:TSO, Crypt, Tomb, Pan,
                  | Slime, Hells, Zig, Abyss, Orb
     0 | D:1      | 0 ||| PLANNING D:1-11
    52 | D:1      | 52 ||| Stepping ~*~*~tactically~*~*~ (stealth).
    57 | D:1      | Reached skill level 2 in Axes
    63 | D:1      | Reached XP level 2. HP: 18/19 MP: 2/2
   349 | D:1      | 349 ||| Stepping ~*~*~tactically~*~*~ (stealth).
   354 | D:1      | 354 ||| Stepping ~*~*~tactically~*~*~ (stealth).
   488 | D:1      | 488 ||| READING 2 scrolls labelled INUPRA COMUIB.
   489 | D:1      | 489 ||| READING scroll labelled CARAPE GENYSU.
   590 | D:1      | 590 ||| DRINKING 2 viscous black potions.
   591 | D:1      | 591 ||| DROPPING scroll of poison.
   592 | D:1      | 592 ||| DROPPING potion of degeneration.
   640 | D:2      | Reached skill level 3 in Axes
   640 | D:2      | Reached XP level 3. HP: 16/23 MP: 3/3
   777 | D:2      | 777 ||| Stepping ~*~*~tactically~*~*~ (stealth).
   877 | D:2      | 877 ||| Stepping ~*~*~tactically~*~*~ (stealth).
   882 | D:2      | 882 ||| Stepping ~*~*~tactically~*~*~ (stealth).
   889 | D:2      | 889 ||| Stepping ~*~*~tactically~*~*~ (stealth).
  1071 | D:2      | Noticed Terence
  1087 | D:2      | Killed Terence
  1088 | D:2      | Reached XP level 4. HP: 14/28 MP: 4/4
  1243 | D:2      | 1243 ||| DROPPING +0 club.
  1340 | D:2      | Reached skill level 4 in Axes
  1433 | D:2      | Found a blossoming altar of Fedhas.
  1752 | D:2      | 1752 ||| READING scroll labelled OBBECHECAV.
  1753 | D:2      | 1753 ||| READING scroll labelled EGUCAMIFEI.
  1756 | D:2      | 1756 ||| READING scroll labelled VAYCIL EMUEF.
  1757 | D:2      | 1757 ||| READING scroll labelled EBLANT SIKOKI.
  1767 | D:3      | 1767 ||| PLANNING SEWER
  1953 | D:3      | Noticed Natasha
  1954 | D:3      | Found the +4 dagger "Morg" {pain, Will+ Int+5}
  1961 | D:3      | Killed Natasha
  1962 | D:3      | Reached XP level 5. HP: 28/32 MP: 5/5
  1972 | D:3      | Reached skill level 5 in Axes
  2325 | D:3      | Found a snail-covered altar of Cheibriados.
  2326 | D:3      | 2326 ||| DRINKING 2 silvery potions.
  2327 | D:3      | 2327 ||| DRINKING 2 glowing black potions.
  2328 | D:3      | 2328 ||| DRINKING 2 inky potions.
  2329 | D:3      | 2329 ||| READING 4 scrolls of identify.
  2329 | D:3      | 2329 ||| IDENTIFYING bubbling dark potion
  2395 | D:3      | 2395 ||| READING 3 scrolls of identify.
  2395 | D:3      | 2395 ||| IDENTIFYING sapphire potion
  2396 | D:3      | 2396 ||| DROPPING potion of brilliance.
  2422 | D:3      | 2422 ||| Stepping randomly (stuck).
  2423 | D:3      | 2423 ||| Stepping randomly (stuck).
  2425 | D:3      | 2425 ||| Stepping randomly (stuck).
  2427 | D:3      | 2427 ||| Stepping randomly (stuck).
  2494 | D:3      | 2494 ||| Stepping ~*~*~tactically~*~*~ (stealth).
  2513 | D:3      | 2513 ||| RIP SEWER
  2517 | D:3      | 2517 ||| PLANNING D:1-11
  2558 | D:3      | 2558 ||| Stepping ~*~*~tactically~*~*~ (stealth).
  2559 | D:3      | 2559 ||| Stepping ~*~*~tactically~*~*~ (stealth).
  2563 | D:3      | Reached XP level 6. HP: 38/38 MP: 6/6
  2580 | D:3      | Noticed Natasha
  2584 | D:3      | Killed Natasha
  2585 | D:3      | Reached skill level 1 in Dodging
  3185 | D:3      | 3185 ||| UPGRADING to +0 cloak.
  3190 | D:3      | 3190 ||| READING scroll labelled ICRUDDA LUIHE.
  3191 | D:3      | 3191 ||| READING scroll labelled EPTUSCH WISCHUFIHUNA.
  3192 | D:3      | 3192 ||| READING scroll labelled ZADASU CIDOREGG.
  3193 | D:3      | 3193 ||| DRINKING 3 brown potions.
  3247 | D:4      | HP: 8/38 [gnoll/+0 flail[a gnoll bouda] (3)]
  3248 | D:4      | 3248 ||| DRINKING 2 potions of heal wounds.
  3251 | D:4      | Slain by a gnoll

Levels and vault maps discovered:
D:1:      amcnicky_arrival_wind_blow, layout_rooms
D:2:      layout_basic, basic_altar, minivault_11, uniq_terence
D:3:      layout_loops_corners, slow_altar_1, gup_sewer_entry_bowl,
          dilly_guarded_unrand_morg
D:4:      layout_basic, uniq_menkaure, uniq_natasha

Skill      XL: |  1  2  3  4  5  6 |
---------------+-------------------+-----
Axes           | 2 3 4 5 |  5.3
Fighting       | 4 |  4.0
Dodging        | 1 |  1.0
Armour         | |  3.2
Shields        | |  3.2

Action                   |  1- 3 |  4- 6 || total
-------------------------+-------+-------++-------
Melee: War axe           |    74 |   125 ||   199
  Use: Scroll            |     2 |     9 ||    11
       Potion            |     1 |     5 ||     6
Armor: Scale mail        |    44 |    77 ||   121
Dodge: Dodged            |    36 |    70 ||   106
Block: Buckler           |     8 |    29 ||    37

Table legend:
 A = Non-vault XP
 B = Vault XP
 C = Vault XP percentage of total XP
 D = Non-vault monster count
 E = Vault monster count
 F = Vault count percentage of total count
                 A         B        C        D         E       F
            +---------+---------+-------+---------+---------+-------
      Total |     239 |     181 |  43.1 |      62 |      10 |  13.9
            +---------+---------+-------+---------+---------+-------
        D:1 |      28 |       0 |   0.0 |      17 |       0 |   0.0
        D:2 |      61 |      36 |  37.1 |      23 |       1 |   4.2
        D:3 |     135 |     145 |  51.8 |      20 |       9 |  31.0
        D:4 |      15 |       0 |   0.0 |       2 |       0 |   0.0
            +---------+---------+-------+---------+---------+-------
